[Event "Titled Tuesday Blitz June 1 2021"]
[White "Reprintsev, Alexander"]
[Black "Makhnev, Denis"]
[WhiteFideId "14100541"]
[BlackFideId "13707647"]
[WhiteElo "2177"]
[BlackElo "2549"]
[Result "1-0"]
[Round "01"]
[TimeControl "180+1"]
[Date "2021.06.01"]
[WhiteClock "0:01:08"]
[BlackClock "0:00:02"]

1. e4 e5 2. Bc4 Nf6 3. Nc3 Bc5 4. d3 c6 5. f4 d5 6. exd5 exf4 7. Qe2+ Be7 8. Bxf4 O-O 9. d6 Bxd6 10. Bxd6 Qxd6 11. O-O-O Bg4 12. Nf3 Nbd7 13. h3 Rae8 14. Qf1 Be6 15. Nd2 Bd5 16. Nxd5 cxd5 17. Bb5 Rc8 18. Bxd7 Qxd7 19. Kb1 Rc6 20. Nb3 Rfc8 21. c3 b6 22. Qf4 a5 23. Rhe1 h6 24. g4 Re6 25. Nd4 Ree8 26. g5 hxg5 27. Qxg5 Rxe1 28. Rxe1 Re8 29. Rg1 g6 30. Qxf6 Qxh3 31. Nf5 Qxd3+ 32. Kc1 Qxf5 33. Qxf5 Re1+ 34. Rxe1 gxf5 35. Rf1 1-0


[Site "https://www.chess.com"]

[Event "Titled Tuesday Blitz June 1 2021"]
[White "Sadhwani, Raunak"]
[Black "Remolar Gallen, Jose"]
[WhiteFideId "35093487"]
[BlackFideId "2215187"]
[WhiteElo "2514"]
[BlackElo "2203"]
[Result "1-0"]
[Round "01"]
[TimeControl "180+1"]
[Date "2021.06.01"]
[WhiteClock "0:00:36"]
[BlackClock "0:00:01"]

1. b3 e5 2. Bb2 Nc6 3. c4 Nf6 4. Nf3 e4 5. Nd4 Bc5 6. Nf5 O-O 7. e3 d5 8. cxd5 Qxd5 9. Ng3 Bg4 10. Qc1 Be7 11. Nc3 Qa5 12. h3 Be6 13. Ncxe4 Nxe4 14. Nxe4 Rad8 15. Bc4 Ne5 16. O-O Bxc4 17. bxc4 Nd3 18. Qc3 Qxc3 19. Bxc3 f5 20. Ng3 f4 21. Ne2 f3 22. Nd4 fxg2 23. Kxg2 Rd6 24. f4 Rg6+ 25. Kh2 Nc5 26. Nf3 Bd6 27. Be5 Ne4 28. d3 Nc5 29. Rad1 Re6 30. Rg1 Rf7 31. d4 1-0


[Site "https://www.chess.com"]

[Event "Titled Tuesday Blitz June 1 2021"]
[White "Sokolovsky, Yahli"]
[Black "Perez Ponsa, Federico"]
[WhiteFideId "2820242"]
[BlackFideId "117927"]
[WhiteElo "1770"]
[BlackElo "2672"]
[Result "0-1"]
[Round "01"]
[TimeControl "180+1"]
[Date "2021.06.01"]
[WhiteClock "0:00:04"]
[BlackClock "0:00:14"]

1. b3 d5 2. Bb2 c6 3. e3 Bf5 4. f4 Nf6 5. Nf3 e6 6. Be2 h6 7. O-O Be7 8. h3 Nbd7 9. Kh2 Qc7 10. Ne5 Nxe5 11. Bxe5 Bd6 12. d4 Bxe5 13. fxe5 Ne4 14. c4 O-O 15. Kg1 Rad8 16. Nd2 c5 17. Nf3 Ng3 18. Re1 Be4 19. Rc1 Nf5 20. Bd3 cxd4 21. exd4 Bxf3 22. Qxf3 Nxd4 23. Qg4 Nc6 24. cxd5 Rxd5 25. Be4 Rxe5 26. Qg3 Qb6+ 27. Kh2 Rg5 28. Qf3 Nd4 29. Qe3 Qd6+ 30. Kh1 b6 31. Red1 e5 32. Bb1 Qd5 33. Be4 Qd6 34. Bb1 g6 35. Rc3 Kg7 36. Rdc1 Qf6 37. Rc7 Ne6 38. R7c6 Qf4 39. Qe2 Nd4 40. Qc4 Nxc6 41. Qxf4 exf4 42. Rxc6 Re5 43. Rc1 Rfe8 44. Kh2 Re1 45. Rxe1 Rxe1 46. Bd3 Rd1 47. Bc4 Rd2 48. a4 f3 0-1


[Site "https://www.chess.com"]

[Event "Titled Tuesday Blitz June 1 2021"]
[White "Sukandar, Irine Kharisma"]
[Black "Yoo, Christopher Woojin"]
[WhiteFideId "7101937"]
[BlackFideId "30909694"]
[WhiteElo "2313"]
[BlackElo "2009"]
[Result "0-1"]
[Round "01"]
[TimeControl "180+1"]
[Date "2021.06.01"]
[WhiteClock "0:00:01"]
[BlackClock "0:00:42"]

1. d4 Nf6 2. Bf4 c5 3. e3 Qb6 4. Na3 d5 5. Nb5 Na6 6. a4 e6 7. Nf3 Be7 8. c3 O-O 9. Be2 Bd7 10. a5 Qd8 11. h3 c4 12. Na3 Nb8 13. Nc2 Nc6 14. a6 b6 15. O-O Ne4 16. Nd2 Nxd2 17. Qxd2 Na5 18. Ra2 Nb3 19. Qd1 b5 20. Na1 Nxa1 21. Rxa1 Qb6 22. Qc2 Bc8 23. e4 Bxa6 24. exd5 exd5 25. Bc7 Qc6 26. Bf3 Bb7 27. Bf4 a5 28. Rfe1 Bf6 29. g4 h6 30. Bg3 a4 31. Qf5 Rfe8 32. h4 g6 33. Qf4 Bg7 34. Qd6 Qxd6 35. Bxd6 Bf6 36. h5 g5 37. Kg2 Kg7 38. Ba3 Bc6 39. Kg3 Bd8 40. Rxe8 Bc7+ 41. Re5 f6 42. Kg2 fxe5 43. dxe5 Bxe5 44. Rd1 Rd8 45. Bb4 Kf6 46. Kf1 Bb7 47. Bc5 Rd7 48. Re1 Bd6 49. Bd4+ Kf7 50. Bg2 Bf8 51. Bb6 Bg7 52. Rd1 b4 53. cxb4 Bxb2 0-1


[Site "https://www.chess.com"]

[Event "Titled Tuesday Blitz June 1 2021"]
[White "Supi, Luis Paulo"]
[Black "Steven_Rojas"]
[WhiteFideId "2106388"]
[WhiteElo "2369"]
[BlackElo "2459"]
[Result "1-0"]
[Round "01"]
[TimeControl "180+1"]
[Date "2021.06.01"]
[WhiteClock "0:01:29"]
[BlackClock "0:00:01"]

1. e4 e5 2. Nf3 Nc6 3. Nc3 g6 4. d4 exd4 5. Nxd4 Bg7 6. Be3 Nf6 7. Qd2 O-O 8. O-O-O Re8 9. f3 d5 10. Bb5 Bd7 11. exd5 Nb4 12. Bc4 c5 13. dxc6 bxc6 14. Bh6 Qa5 15. Bxg7 Kxg7 16. a3 Nbd5 17. Nxd5 Qxd2+ 18. Kxd2 cxd5 19. Bd3 Reb8 20. b3 a5 21. Rhe1 Rb6 22. Re5 h5 23. Rde1 a4 24. b4 Rc8 25. h4 Rc7 26. g3 Rc8 27. c3 Bh3 28. Bb1 Bd7 29. Ba2 Rd6 30. Re7 Rd8 31. R7e5 Rc8 32. R1e3 Rd8 33. Ne2 Bb5 34. Nd4 Bd7 35. Re2 Be8 36. Bb1 Bd7 37. Bd3 Rb8 38. Rg2 Bh3 39. Rg1 Bd7 40. Be2 Rb7 41. Rb1 Rb8 42. b5 Rdb6 43. Rb4 Kf8 44. Rxa4 Be8 45. Rb4 Ra8 46. a4 Ra7 47. Bd1 Rd6 48. Bb3 Rb6 49. Bxd5 Nd7 50. Re1 Nc5 51. Ra1 Rd6 52. c4 Rd8 53. a5 Re7 54. a6 Ra7 55. Re1 Rb8 56. Nc6 Bxc6 57. Bxc6 Nxa6 58. Ra4 Rb6 59. Rea1 1-0


[Site "https://www.chess.com"]

[Event "Titled Tuesday Blitz June 1 2021"]
[White "Sychev, Klementy"]
[Black "Davtyan, David Arm."]
[WhiteFideId "4114060"]
[BlackFideId "13310046"]
[WhiteElo "2615"]
[BlackElo "2028"]
[Result "1-0"]
[Round "01"]
[TimeControl "180+1"]
[Date "2021.06.01"]
[WhiteClock "0:01:14"]
[BlackClock "0:00:23"]

1. e4 c5 2. g3 d5 3. exd5 Qxd5 4. Nf3 Bg4 5. Bg2 Qe6+ 6. Kf1 Nc6 7. h3 Bh5 8. d3 Nf6 9. Na3 O-O-O 10. Nc4 Qxc4 11. Be3 Qd5 12. g4 Bg6 13. Nd2 Qd6 14. Nc4 Qc7 15. Bxc5 e5 16. Be3 e4 17. Kg1 exd3 18. cxd3 Bxd3 19. Qa4 Bb4 20. Rc1 Be4 21. Bxa7 Rd2 22. Bb6 Qf4 23. Be3 Qc7 24. Nxd2 Bxd2 25. Bxd2 Re8 26. Be3 Bxg2 27. Kxg2 Nd5 28. Rhe1 Kb8 29. Ba7+ 1-0


[Site "https://www.chess.com"]

[Event "Titled Tuesday Blitz June 1 2021"]
[White "Topalov, Aleksandar"]
[Black "Vazquez, Guillermo"]
[WhiteFideId "925659"]
[BlackFideId "3702308"]
[WhiteElo "2228"]
[BlackElo "2536"]
[Result "0-1"]
[Round "01"]
[TimeControl "180+1"]
[Date "2021.06.01"]
[WhiteClock "0:00:04"]
[BlackClock "0:02:06"]

1. b3 e5 2. Bb2 Nc6 3. c4 Nf6 4. e3 d5 5. cxd5 Qxd5 6. a3 Be6 7. b4 a6 8. Nf3 Rd8 9. Nc3 Qd7 10. Qc2 Bf5 11. e4 Bg4 12. Nd5 Nxd5 13. exd5 Bxf3 14. gxf3 Qxd5 15. Bc4 Qxf3 16. Rg1 g6 17. Be2 Qd5 18. Bc4 Qd6 19. b5 axb5 20. Bxb5 Bh6 21. Bc3 O-O 22. Bc4 Nd4 23. Bxd4 Qxd4 24. Rxg6+ hxg6 25. Qxg6+ Bg7 26. Bd3 Qxd3 0-1


[Site "https://www.chess.com"]

[Event "Titled Tuesday Blitz June 1 2021"]
[White "Turzo, Attila"]
[Black "Nakamura, Hikaru"]
[WhiteFideId "704954"]
[BlackFideId "2016192"]
[WhiteElo "2475"]
[BlackElo "2900"]
[Result "0-1"]
[Round "01"]
[TimeControl "180+1"]
[Date "2021.06.01"]
[WhiteClock "0:00:18"]
[BlackClock "0:00:47"]

1. d4 g6 2. e4 Bg7 3. Nf3 d6 4. c3 Nd7 5. Bd3 e5 6. O-O Ngf6 7. Bg5 h6 8. Bh4 O-O 9. Nbd2 Re8 10. dxe5 dxe5 11. Qc2 Qe7 12. Rfe1 a6 13. a4 b6 14. Nc4 Bb7 15. Rad1 Qe6 16. Ne3 Qc6 17. Nd2 Nc5 18. Bxf6 Qxf6 19. Bc4 c6 20. b4 Ne6 21. Bxe6 Qxe6 22. Ndc4 b5 23. Na5 Rab8 24. Nxb7 Rxb7 25. Rd2 Bf8 26. Red1 Rbb8 27. Rd7 Ra8 28. a5 Kg7 29. Qd2 Be7 30. Qc2 c5 31. Qb2 Rac8 32. R7d3 Qc6 33. Nd5 Bf8 34. g3 cxb4 35. cxb4 Qc2 36. R3d2 Qxb2 37. Rxb2 Rc4 38. Kf1 Rxe4 39. Nc7 Rc8 40. Nxa6 Rec4 41. Nc5 Bxc5 42. bxc5 R4xc5 43. Rdb1 b4 44. Rxb4 Rxa5 45. Rb5 Rxb5 46. Rxb5 Kf6 47. h4 Kf5 48. Kg2 Rc2 49. Rb4 e4 50. Rb2 Rxb2 51. Kg1 Kg4 0-1


[Site "https://www.chess.com"]

[Event "Titled Tuesday Blitz June 1 2021"]
[White "Xiong, Jeffery"]
[Black "Kung, Thomas"]
[WhiteFideId "2047640"]
[BlackFideId "30914272"]
[WhiteElo "2724"]
[BlackElo "2475"]
[Result "1-0"]
[Round "01"]
[TimeControl "180+1"]
[Date "2021.06.01"]
[WhiteClock "0:00:39"]
[BlackClock "0:00:22"]

1. e4 e6 2. d4 d5 3. exd5 exd5 4. Nf3 Bd6 5. c4 Nf6 6. c5 Be7 7. Bd3 O-O 8. O-O b6 9. Be3 Re8 10. h3 Nbd7 11. b4 a5 12. c6 Nf8 13. b5 Ng6 14. Nbd2 Bd6 15. Re1 h6 16. Qc2 Nf4 17. Bxf4 Bxf4 18. Rxe8+ Nxe8 19. a4 Be6 20. Re1 Nd6 21. Ne5 Qg5 22. Ndf3 Qe7 23. Nd7 Re8 24. h4 h5 25. g3 Bh6 26. Re5 Qd8 27. Rxh5 Bg4 28. Rxh6 gxh6 29. Nfe5 Be6 30. Qc1 Kg7 31. Qf4 f6 32. Ng4 Bxg4 33. Qxg4+ Kh8 34. Qg6 Ne4 35. Qxh6+ Kg8 36. Bxe4 dxe4 37. Qg6+ Kh8 38. Nxf6 Re7 39. Qh6+ 1-0


[Site "https://www.chess.com"]

[Event "Titled Tuesday Blitz June 1 2021"]
[White "Alekseenko, Kirill"]
[Black "Sonis, Francesco"]
[WhiteFideId "4135539"]
[BlackFideId "895733"]
[WhiteElo "2580"]
[BlackElo "2373"]
[Result "0-1"]
[Round "02"]
[TimeControl "180+1"]
[Date "2021.06.01"]
[WhiteClock "0:00:08"]
[BlackClock "0:01:24"]

1. d4 Nf6 2. Nc3 d5 3. Bf4 Bf5 4. f3 e6 5. g4 Bg6 6. h4 h5 7. g5 Nfd7 8. e3 c6 9. Bd3 Bxd3 10. Qxd3 g6 11. e4 Na6 12. a3 Bg7 13. O-O-O O-O 14. Bd6 Re8 15. f4 Nb6 16. Be5 Nc4 17. Bxg7 Kxg7 18. Rf1 Qb6 19. Nd1 Nd6 20. exd5 cxd5 21. Nf3 Rac8 22. c3 Nb8 23. Ne5 Qc7 24. Ne3 Nc6 25. Kd1 Ne7 26. Ke2 Nef5 27. Nxf5+ Nxf5 28. Kf3 a6 29. Kg2 Rb8 30. Kh3 b5 31. Qe2 Rb6 32. Nd3 Rc8 33. Nc5 a5 34. b4 a4 35. Qd2 Rcb8 36. Re1 Rc8 37. Rh2 Rcb8 38. Qc1 Rc6 39. Rhe2 Rbb6 40. Re5 Qc8 41. Qc2 Rd6 42. Qd3 Rdc6 43. Qe2 Rd6 44. Rxf5 exf5 45. Qe5+ Kg8 46. Kg3 Re6 47. Qxe6 Rxe6 48. Rxe6 fxe6 49. Kf3 Kf7 50. Ke3 Ke7 51. Kd3 e5 52. dxe5 d4 53. cxd4 Qc6 54. Ke3 Qg2 55. e6 Qa2 0-1


[Site "https://www.chess.com"]

[Event "Titled Tuesday Blitz June 1 2021"]
[White "Alinasab, Mobina"]
[Black "Babazada, Khazar"]
[WhiteFideId "12528897"]
[BlackFideId "13413554"]
[WhiteElo "2061"]
[BlackElo "2344"]
[Result "1-0"]
[Round "02"]
[TimeControl "180+1"]
[Date "2021.06.01"]
[WhiteClock "0:00:34"]
[BlackClock "0:00:32"]

1. e4 Nf6 2. e5 Nd5 3. d4 Nb6 4. Nf3 d6 5. c4 g6 6. exd6 cxd6 7. h3 Bg7 8. Nc3 O-O 9. Be2 Bf5 10. O-O Nc6 11. Be3 d5 12. c5 Nc4 13. Qb3 N6a5 14. Qb4 Nxe3 15. fxe3 b6 16. cxb6 axb6 17. Bb5 e6 18. g4 Be4 19. Nxe4 dxe4 20. Nd2 Qg5 21. Rae1 f5 22. Bc4 Nxc4 23. Qxc4 1-0


[Site "https://www.chess.com"]

[Event "Titled Tuesday Blitz June 1 2021"]
[White "Balaji, Aaravamudhan"]
[Black "Grigorov, Grigor"]
[WhiteFideId "436224"]
[BlackFideId "2907313"]
[WhiteElo "2085"]
[BlackElo "2510"]
[Result "0-1"]
[Round "02"]
[TimeControl "180+1"]
[Date "2021.06.01"]
[WhiteClock "0:00:26"]
[BlackClock "0:01:00"]

1. d4 Nf6 2. c4 e6 3. Nc3 Bb4 4. a3 Bxc3+ 5. bxc3 Nc6 6. f3 b6 7. e4 Ba6 8. Bd3 Na5 9. Bg5 h6 10. Bh4 Bxc4 11. Ne2 Qc8 12. Bxc4 Nxc4 13. Qd3 Qa6 14. O-O O-O-O 15. e5 g5 16. exf6 gxh4 17. d5 Qb5 18. Nf4 Qc5+ 19. Kh1 Ne3 20. Rfb1 Nxd5 21. Qa6+ Kb8 22. a4 Nxf4 23. a5 h3 24. g3 Qf2 25. Qf1 Qxf1+ 26. Rxf1 Nd5 27. c4 Nxf6 28. axb6 axb6 29. Ra6 Kb7 30. Rfa1 Ra8 31. Rxa8 Rxa8 32. Rxa8 Kxa8 33. Kg1 Kb7 34. Kf2 Kc6 35. Ke3 Kc5 36. Kf4 Kxc4 37. g4 b5 38. Kg3 b4 39. Kxh3 b3 40. g5 hxg5 41. Kg3 b2 42. h4 gxh4+ 43. Kf4 b1=Q 44. Ke3 Qd3+ 45. Kf4 Qf5+ 46. Ke3 Qe5+ 47. Kf2 Kd3 48. Kg1 Qg3+ 49. Kf1 Qxf3+ 50. Kg1 Qe2 51. Kh1 h3 52. Kg1 Qg2# 0-1


[Site "https://www.chess.com"]

[Event "Titled Tuesday Blitz June 1 2021"]
[White "Balla, Tamas-Kristof"]
[Black "Balakrishnan, Praveen"]
[WhiteFideId "1208497"]
[BlackFideId "2064871"]
[WhiteElo "2334"]
[BlackElo "2237"]
[Result "0-1"]
[Round "02"]
[TimeControl "180+1"]
[Date "2021.06.01"]
[WhiteClock "0:00:06"]
[BlackClock "0:00:22"]

1. f4 e5 2. fxe5 d6 3. exd6 Bxd6 4. Nf3 g5 5. g3 g4 6. Nh4 Ne7 7. d4 Ng6 8. Nxg6 hxg6 9. Qd3 Nc6 10. c3 Bf5 11. e4 Qe7 12. Bg2 O-O-O 13. Be3 Bd7 14. Nd2 Rxh2 15. Rxh2 Bxg3+ 16. Bf2 Bxh2 17. O-O-O f5 18. e5 f4 19. Be4 g3 20. Bg1 Nxe5 21. dxe5 Ba4 22. Bd4 Bxd1 23. Kxd1 c6 24. Qf3 c5 25. Qg4+ Kb8 26. Nf3 cxd4 27. cxd4 Qb4 28. e6 Rxd4+ 29. Nxd4 Qxd4+ 30. Kc1 Qxe4 31. Qg5 Qxe6 32. Qd8+ Qc8+ 0-1


[Site "https://www.chess.com"]

[Event "Titled Tuesday Blitz June 1 2021"]
[White "Baskin, Robert"]
[Black "Lagarde, Maxime"]
[WhiteFideId "24662402"]
[BlackFideId "662399"]
[WhiteElo "2462"]
[BlackElo "2630"]
[Result "1/2-1/2"]
[Round "02"]
[TimeControl "180+1"]
[Date "2021.06.01"]
[WhiteClock "0:00:07"]
[BlackClock "0:01:22"]

1. d4 Nc6 2. Nf3 d6 3. e4 Nf6 4. Nc3 g6 5. Be2 Bg7 6. O-O O-O 7. d5 Nb8 8. h3 e5 9. dxe6 Bxe6 10. Nd4 Re8 11. Re1 Nc6 12. Nxe6 Rxe6 13. Bc4 Re8 14. Bg5 h6 15. Bh4 g5 16. Bg3 Ne5 17. Bb3 c6 18. Qd2 Qe7 19. Rad1 Rad8 20. Qe3 b5 21. Ne2 c5 22. c3 Ng6 23. Bc2 Nxe4 24. Qxe4 Qxe4 25. Bxe4 Rxe4 26. Rxd6 Rde8 27. Kf1 b4 28. cxb4 cxb4 29. b3 Be5 30. Bxe5 R4xe5 31. Rdd1 Nh4 32. Nd4 Rxe1+ 33. Rxe1 Rxe1+ 34. Kxe1 Nxg2+ 35. Kf1 Nf4 36. Nc6 Nxh3 37. Nxb4 Nf4 38. Nc6 Nd3 39. Nxa7 Nc1 40. b4 Nxa2 41. b5 Nb4 42. b6 Na6 43. Nc6 Nc5 44. Ke2 Kg7 45. Ke3 h5 46. Kd4 Nb7 47. Kd5 h4 48. Ne5 h3 49. Nf3 g4 50. Nh2 f5 51. Kc6 Nd8+ 52. Kd7 Nb7 53. Kc6 Na5+ 54. Kb5 Nb7 55. Kc6 1/2-1/2


[Site "https://www.chess.com"]

[Event "Titled Tuesday Blitz June 1 2021"]
[White "Berend, Elvira"]
[Black "Shyaamnikhil P"]
[WhiteFideId "4000510"]
[BlackFideId "5024218"]
[WhiteElo "2340"]
[BlackElo "2300"]
[Result "0-1"]
[Round "02"]
[TimeControl "180+1"]
[Date "2021.06.01"]
[WhiteClock "0:00:28"]
[BlackClock "0:00:14"]

1. e4 e6 2. d4 d5 3. Nc3 Bb4 4. e5 Qd7 5. a3 Bxc3+ 6. bxc3 b6 7. Ne2 Ba6 8. Nf4 Bxf1 9. Kxf1 g6 10. h4 h5 11. Rh3 Nc6 12. Kg1 Na5 13. a4 Ne7 14. Ba3 Nc4 15. Bxe7 Qxe7 16. Qf3 O-O-O 17. a5 Nxa5 18. c4 dxc4 19. Rxa5 bxa5 20. Qc6 Qb4 21. d5 Rxd5 22. Nxd5 Qe1+ 23. Kh2 Qxe5+ 24. Kh1 Qxd5 25. Qa6+ Kd7 26. Qxa7 Ra8 27. Qe3 Rb8 28. Qe1 Rb2 29. Rf3 Ke8 30. Qc3 Rb1+ 31. Kh2 e5 32. Re3 f6 33. Rf3 Qd4 34. Qxa5 Qxh4+ 35. Rh3 Qf4+ 36. Rg3 h4 37. Qa8+ Ke7 38. Qa3+ Kf7 0-1


[Site "https://www.chess.com"]

[Event "Titled Tuesday Blitz June 1 2021"]
[White "Blomqvist, Erik"]
[Black "Demidov, Mikhail"]
[WhiteFideId "1709437"]
[BlackFideId "4197143"]
[WhiteElo "2460"]
[BlackElo "2583"]
[Result "0-1"]
[Round "02"]
[TimeControl "180+1"]
[Date "2021.06.01"]
[WhiteClock "0:00:08"]
[BlackClock "0:01:49"]

1. e4 Nf6 2. e5 Nd5 3. d4 d6 4. Nf3 Nb6 5. h3 g6 6. Be2 Bg7 7. O-O O-O 8. Re1 Nc6 9. Bf4 dxe5 10. dxe5 Qxd1 11. Rxd1 Bf5 12. Na3 Rfd8 13. g4 Be4 14. Ng5 Bd5 15. c4 Be6 16. Nxe6 fxe6 17. Nb5 Rxd1+ 18. Rxd1 Rc8 19. Bf3 Nxc4 20. Bxc6 bxc6 21. Nxa7 Rf8 22. Bc1 Bxe5 23. b3 Na5 24. Bd2 Bd4 25. Bxa5 Bxf2+ 26. Kg2 Bxa7 27. Rd2 Bb6 28. Bb4 c5 29. Bc3 Ra8 30. Re2 Kf7 31. a4 c4 0-1


[Site "https://www.chess.com"]

[Event "Titled Tuesday Blitz June 1 2021"]
[White "Bluebaum, Matthias"]
[Black "Marek, Matyas"]
[WhiteFideId "24651516"]
[BlackFideId "335398"]
[WhiteElo "2685"]
[BlackElo "2279"]
[Result "1/2-1/2"]
[Round "02"]
[TimeControl "180+1"]
[Date "2021.06.01"]
[WhiteClock "0:00:25"]
[BlackClock "0:00:33"]

1. d4 Nf6 2. c4 c5 3. d5 b5 4. cxb5 a6 5. bxa6 g6 6. Nc3 Bg7 7. e4 O-O 8. a7 Rxa7 9. Nf3 d6 10. Be2 Ba6 11. O-O Qa5 12. Bd2 Bxe2 13. Qxe2 Qa6 14. Qxa6 Nxa6 15. e5 Nd7 16. exd6 exd6 17. Nb5 Rb7 18. a4 Nf6 19. Ra3 Nxd5 20. Rd3 Nac7 21. Nxc7 Nxc7 22. Rxd6 Rxb2 23. Be3 Ne6 24. Rc6 Ra2 25. Bxc5 Nxc5 26. Rxc5 Rxa4 27. g3 Bf6 28. Kg2 Kg7 29. h4 h5 30. Rd1 Ra7 31. Rd2 Rb8 32. Rcd5 Rbb7 33. Rc2 Rc7 34. Rxc7 Rxc7 35. Nd2 Be7 36. Ne4 Rb7 37. Rd3 Rb4 38. Nd2 Rb7 39. Nc4 Rc7 40. Ne3 Bc5 41. Nd5 Ra7 42. Rd2 Ra3 43. Nf4 Kf6 44. Rc2 Bd6 45. Nd5+ Ke5 46. Ne3 Ke6 47. Rc6 Rd3 48. Ra6 Ke7 49. Rc6 Rd2 50. Kf3 Ra2 51. Nc4 Bb4 52. Ne3 Be1 53. Nc2 Bd2 54. Ke4 Ra4+ 55. Kd3 Bh6 56. Nd4 Ra3+ 57. Ke4 Ra4 58. Kd5 Ra5+ 59. Kc4 Ra4+ 60. Kd3 Ra3+ 61. Ke2 Ra2+ 62. Kf3 Ra3+ 63. Kg2 Ra4 64. Nc2 Ra2 65. Kf3 Bg7 66. Ke4 Ra4+ 67. Kd3 Ra2 68. Rc7+ Ke6 69. Rb7 Be5 70. f4 Bd6 71. Nd4+ Kf6 72. Rb6 Ke7 73. Rb7+ Kf6 74. Ke4 Bc5 75. Nf3 Ra7 76. Rb5 Bf2 77. Rg5 Ra4+ 78. Kd3 Ra3+ 79. Ke2 Ra2+ 80. Kf1 Be3 81. Ne5 Rf2+ 82. Ke1 Ra2 83. Nd3 Bd4 84. Rd5 Bc3+ 85. Kf1 Ra3 86. Ke2 Ra2+ 87. Kf3 Ra3 88. Ke4 Ra4+ 89. Kf3 Ra3 90. Kg2 Ra2+ 91. Kh3 Ra3 92. Nf2 Be1 93. Ne4+ Ke7 94. Re5+ Kf8 95. Kg2 Ra2+ 96. Kf3 Ra3+ 97. Kg2 Ra2+ 98. Kf1 Bb4 99. Nf6 Be7 100. Nd7+ Ke8 101. Nf6+ Kf8 102. Nd5 Bd6 103. Re4 Ra3 104. Re3 Rxe3 105. Nxe3 Kg7 106. Ke2 Bc5 107. Nd5 Bd6 108. Kf3 Kf8 109. Ne3 Ke7 110. Ke4 Ke6 111. f5+ Kf6 112. fxg6 fxg6 113. Kf3 Bxg3 114. Kxg3 g5 115. hxg5+ Kxg5 116. Ng2 h4+ 117. Nxh4 1/2-1/2


[Site "https://www.chess.com"]

[Event "Titled Tuesday Blitz June 1 2021"]
[White "Bodnaruk, Anastasia"]
[Black "Sychev, Klementy"]
[WhiteFideId "4181751"]
[BlackFideId "4114060"]
[WhiteElo "2393"]
[BlackElo "2615"]
[Result "0-1"]
[Round "02"]
[TimeControl "180+1"]
[Date "2021.06.01"]
[WhiteClock "0:00:02"]
[BlackClock "0:00:09"]

1. e4 Nf6 2. e5 Nd5 3. d4 d6 4. Nf3 dxe5 5. Nxe5 g6 6. Be2 Bg7 7. O-O O-O 8. h3 c5 9. c4 Nc7 10. Be3 Ne6 11. d5 Bxe5 12. dxe6 Bxe6 13. Qb3 Qb6 14. Nc3 Nc6 15. Qa3 Nd4 16. Bxd4 Bxd4 17. Rab1 Rfd8 18. b4 cxb4 19. Rxb4 Qc5 20. Qb3 b6 21. Nd5 Rd7 22. Rb5 Qd6 23. Bf3 Rc8 24. Rd1 Bc5 25. Nxb6 axb6 26. Rxd6 Rxd6 27. Bd5 Bxd5 28. cxd5 Rcd8 29. a4 Rxd5 30. a5 bxa5 31. Qc4 Rd1+ 32. Kh2 Bxf2 33. Rb7 Bg1+ 34. Kg3 R8d3+ 0-1


[Site "https://www.chess.com"]

[Event "Titled Tuesday Blitz June 1 2021"]
[White "Boyer, Mahel"]
[Black "Nguyen, Ngoc Truong Son"]
[WhiteFideId "45102422"]
[BlackFideId "12401110"]
[WhiteElo "2325"]
[BlackElo "2596"]
[Result "0-1"]
[Round "02"]
[TimeControl "180+1"]
[Date "2021.06.01"]
[WhiteClock "0:00:06"]
[BlackClock "0:00:10"]

1. d4 Nf6 2. c4 c5 3. d5 e6 4. Nc3 exd5 5. cxd5 d6 6. e4 g6 7. Nf3 Bg7 8. h3 O-O 9. Bd3 a6 10. a4 Re8 11. O-O Nbd7 12. Bg5 h6 13. Bh4 Qe7 14. Nd2 g5 15. Bg3 Ne5 16. Be2 Nfd7 17. Bh5 Rb8 18. f4 gxf4 19. Bxf4 Ng6 20. Bxg6 fxg6 21. Nc4 Ne5 22. Nxe5 Bxe5 23. Bxh6 b5 24. axb5 axb5 25. Qd2 b4 26. Ne2 Qh4 27. Bf4 Bd7 28. Bxe5 Rxe5 29. Rf4 Qd8 30. Raf1 Qe7 31. Qe3 Bb5 32. R1f2 Bxe2 33. Qxe2 Re8 34. Rf6 Qg7 35. Qg4 g5 36. R2f5 Rxf5 37. Rxf5 Re5 38. b3 Rxf5 39. Qxf5 Qa1+ 40. Kh2 Qe5+ 41. Qxe5 dxe5 42. Kg3 c4 43. d6 Kf7 44. bxc4 b3 45. c5 b2 46. c6 b1=Q 47. c7 Qb7 48. Kg4 Ke6 49. Kxg5 Kxd6 50. c8=Q Qxc8 0-1


[Site "https://www.chess.com"]

[Event "Titled Tuesday Blitz June 1 2021"]
[White "Budiarti, Farah Yumna"]
[Black "NovakCabarkapa"]
[WhiteFideId "7107331"]
[WhiteElo "2525"]
[BlackElo "2803"]
[Result "0-1"]
[Round "02"]
[TimeControl "180+1"]
[Date "2021.06.01"]
[WhiteClock "0:00:01"]
[BlackClock "0:00:12"]

1. d4 Nf6 2. c4 g6 3. g3 Bg7 4. Bg2 O-O 5. Nc3 d6 6. Nf3 Nbd7 7. O-O e5 8. e4 exd4 9. Nxd4 Re8 10. h3 a6 11. Re1 Rb8 12. Rb1 Ne5 13. b3 c5 14. Nc2 Nh5 15. g4 Nf6 16. Bb2 h5 17. g5 Nh7 18. f4 Nc6 19. a4 Be6 20. Rf1 Nd4 21. Nxd4 Bxd4+ 22. Kh2 Bd7 23. Nd5 Bxb2 24. Rxb2 Bc6 25. Rd2 Qd7 26. f5 Bxd5 27. Rxd5 Rbd8 28. h4 Re5 29. fxg6 fxg6 30. Rxe5 dxe5 31. Qd5+ Qxd5 32. exd5 Rd6 33. Bh3 Nf8 34. Re1 b5 35. axb5 axb5 36. Rxe5 bxc4 37. bxc4 Rb6 38. Re7 Rb2+ 39. Kg3 Rb3+ 40. Kg2 Rb2+ 41. Kg1 Rb3 42. Bg2 Rc3 43. d6 Rg3 44. d7 Nxd7 45. Rxd7 Rg4 46. Kf2 Rxh4 47. Bd5+ Kh8 48. Rc7 Rf4+ 49. Ke3 Rf5 50. Rxc5 Rxg5 51. Rc7 h4 52. Be4 h3 53. c5 h2 54. c6 Re5 55. Rd7 Rxe4+ 56. Kxe4 h1=Q+ 0-1


[Site "https://www.chess.com"]

[Event "Titled Tuesday Blitz June 1 2021"]
[White "Buksa, Nataliya"]
[Black "Mchedlishvili, Mikheil"]
[WhiteFideId "14123622"]
[BlackFideId "13600966"]
[WhiteElo "2214"]
[BlackElo "2618"]
[Result "0-1"]
[Round "02"]
[TimeControl "180+1"]
[Date "2021.06.01"]
[WhiteClock "0:00:15"]
[BlackClock "0:01:09"]

1. d4 d5 2. Nc3 Nf6 3. Bf4 e6 4. e3 a6 5. Bd3 c5 6. dxc5 Bxc5 7. Nf3 b5 8. O-O Bb7 9. Ne5 Nbd7 10. Nxd7 Qxd7 11. Be5 Be7 12. Re1 O-O 13. Ne2 Qc8 14. Nd4 Rd8 15. c3 Nd7 16. Bxg7 Kxg7 17. Qg4+ Kf8 18. Bxh7 Bf6 19. e4 dxe4 20. Bxe4 Bg7 21. Rad1 Nf6 22. Bxb7 Nxg4 23. Bxc8 Raxc8 24. h3 Bxd4 25. cxd4 Nf6 26. Rd2 Rc4 27. Red1 Ne4 28. Rd3 Rc2 29. f3 Nf6 30. Ra3 Rd6 31. b3 Nd5 32. Ra5 Ne3 33. Rd3 Rxg2+ 34. Kh1 Re2 35. a4 Rc6 0-1


[Site "https://www.chess.com"]

[Event "Titled Tuesday Blitz June 1 2021"]
[White "Chiu, Isaac"]
[Black "Abdusattorov, Nodirbek"]
[WhiteFideId "30900654"]
[BlackFideId "14204118"]
[WhiteElo "2090"]
[BlackElo "2662"]
[Result "0-1"]
[Round "02"]
[TimeControl "180+1"]
[Date "2021.06.01"]
[WhiteClock "0:01:33"]
[BlackClock "0:01:37"]

1. c4 e5 2. g3 Nf6 3. Bg2 Nc6 4. Nc3 Bb4 5. Nd5 O-O 6. a3 Bd6 7. Nf3 Nxd5 8. cxd5 Ne7 9. d4 e4 10. Nd2 f5 11. Nc4 b5 12. Nxd6 cxd6 13. Qb3 Qb6 14. a4 bxa4 15. Qxa4 Nxd5 16. O-O Rf7 17. b3 Bb7 18. Ba3 Nc3 19. Qb4 Nxe2+ 20. Kh1 Qxb4 21. Bxb4 Nxd4 22. Bxd6 Nxb3 23. Rab1 Bd5 24. Rfd1 Be6 25. f3 exf3 26. Bxf3 Rc8 27. Rd3 Na5 28. Ra1 Nc6 29. Rc3 g5 30. Bh5 Bd5+ 31. Kg1 Rf6 32. Bc5 g4 33. h3 Rh6 34. hxg4 fxg4 0-1


[Site "https://www.chess.com"]